 Dungeon Crawl Stone Soup version 0.31-a0-844-gdc52ec4e09 (webtiles) character file.

Game seed: 6568228090394954313

1648 JackS81 the Summoner (level 9, -2/162 HPs)
             Began as a Hill Orc Summoner on Sept 30, 2023.
             Was a Follower of Beogh.
             Engulfed by their own flame (12 damage)
             ... on level 6 of the Dungeon.
             The game lasted 00:27:59 (5926 turns).

JackS81 the Summoner (Hill Orc Summoner)            Turns: 5926, Time: 00:27:59

Health: -2/162     AC: 24    Str: 11    XL:     9   Next: 0%
Magic:  17/24      EV:  2    Int: 25    God:    Beogh [*.....]
Gold:   274        SH:  0    Dex: 11    Spells: 4/17 levels left

rFire   . . .        d - +1 dagger (holy)
rCold   . . .        (no shield)
rNeg    . . .        a - melded +0 robe
rPois   +            x - melded +0 helmet
rElec   .            m - melded scarf {shadows}
rCorr   .            s - melded +0 pair of gloves
SInv    .            h - melded +0 pair of boots
Will    .....        (no amulet) Stlth
                     p - +6 ring of intelligence
HPRegen 0.47/turn    z - ring of magical power
MPRegen 0.19/turn

%: no passive effects
@: berserking, tree-form, very slightly contaminated, very quick
A: stationary, stasis, torment immunity, boosted hp
a: Renounce Religion


You were on level 6 of the Dungeon.
You worshipped Beogh.
Beogh was aware of your devotion.
You were a tree.
You visited 1 branch of the dungeon, and saw 6 of its levels.

You collected 419 gold pieces.
You spent 145 gold pieces at shops.

Inventory:

Hand Weapons
 d - a +1 dagger of holy wrath (weapon)
 q - a +0 whip
Missiles
 c - 6 poisoned darts (quivered)
 u - a throwing net
Armour
 a - a +0 robe (melded)
 h - a +0 pair of boots (melded)
 m - a scarf of shadows (melded)
 s - a +0 pair of gloves (melded)
 v - the +3 ring mail of Louf {rN+++ MP-9 Dex+3 Stlth-}
   (You took it off a goblin on level 3 of the Dungeon)

   Dex+3:     It affects your dexterity (+3).
   rN+++:     It renders you almost immune to negative energy.
   MP-9:      It affects your magic capacity (-9).
   Stlth-:    It makes you less stealthy.
 x - a +0 helmet (melded)
 F - the +1 scale mail of Mohovvok {rElec MP+9 Dex+3}
   (You found it on level 5 of the Dungeon)

   Dex+3:     It affects your dexterity (+3).
   rElec:     It insulates you from electricity.
   MP+9:      It affects your magic capacity (+9).
Jewellery
 p - a +6 ring of intelligence (left branch)
 z - a ring of magical power (right branch)
Wands
 y - a wand of flame (17)
 D - a wand of paralysis (7)
Scrolls
 f - 2 scrolls of vulnerability {unknown}
 i - 3 scrolls of poison
 j - a scroll of blinking {unknown}
 l - a scroll of teleportation {unknown}
 o - a scroll of revelation {unknown}
 t - a scroll of fear
 w - 3 scrolls of enchant weapon
Potions
 e - a potion of might {unknown}
 g - 2 potions of attraction
 k - a potion of ambrosia {unknown}
 r - a potion of haste
 B - a potion of curing
 C - a potion of brilliance


   Skills:
 * Level 4.4 Fighting
 - Level 1.4 Short Blades
 - Level 1.5 Dodging
 - Level 1.5 Stealth
 + Level 4.6 Spellcasting
 - Level 1.0 Hexes
 + Level 8.4 Summonings
 * Level 1.2 Air Magic
 * Level 3.9 Invocations


You had 4 spell levels left.
You knew the following spells:

 Your Spells              Type           Power      Damage    Failure   Level
a - Summon Small Mammal   Summ           100%       N/A       1%          1
b - Call Imp              Summ           96%        N/A       1%          2
c - Call Canine Familiar  Summ           48%        N/A       1%          3
d - Summon Guardian Gole  Hex/Summ       29%        N/A       3%          3
e - Summon Lightning Spi  Summ/Air       30%        N/A       12%         4

Your spell library contained the following spells:

 Spells                   Type           Power      Damage    Failure   Level
 Apportation              Tloc           10%        N/A       9%          1
 Necrotise                Necr           20%        1d5       9%          1


Dungeon Overview and Level Annotations

Branches:
Dungeon (6/15)
 Temple: D:4-7

Altars:
Ashenzari
Elyvilon
Gozag
Trog
Zin

Shops:
D:2 :   D:4 *

Annotations:
D:6 Blork the orc, Eustachio


Message History

The sleepcap is heavily damaged.
You are engulfed in blazing flames.
* * * LOW HITPOINT WARNING * * *
The rat bites you but does no damage.
Blork the orc hits you from afar with a +0 trident.
* * * LOW HITPOINT WARNING * * *
You are too berserk!
Unknown command.
You are too berserk!
You puncture the sleepcap!
You destroy the sleepcap!
Beogh accepts your kill.
You are engulfed in blazing flames.
* * * LOW HITPOINT WARNING * * *
The nameless horror completely misses you.
Blork the orc looks braver for a moment.
The crimson imp blinks!
The rat bites you but does no damage.
You have reached level 9!
Your experience leads to an increase in your attributes!
Your base attributes are Str 11, Int 17, Dex 11.
Increase (S)trength, (I)ntelligence, or (D)exterity?
You feel clever. x2
You hit the nameless horror but do no damage.
The nameless horror is lightly damaged.
You are engulfed in blazing flames.
* * * LOW HITPOINT WARNING * * *
Blork the orc hits you from afar with a +0 trident.
* * * LOW HITPOINT WARNING * * *
You hit the nameless horror.
The nameless horror is moderately damaged.
You are engulfed in blazing flames.
* * * LOW HITPOINT WARNING * * *
The nameless horror hits you but does no damage.
The crimson imp blinks!
The rat bites you but does no damage.
Unknown command.
You are too berserk!
You puncture the nameless horror!
The nameless horror is almost destroyed.
You are engulfed in blazing flames.
You die...

#.....# §§§§§§§§§§§
#.....# §§§§☼#§§§§
$$$..#...<.# §§§§§§§§☼§
$_$. #.....# §§§§§§§§§#
$$$#.#.....#
#§§#§@§§§###.....####.##
#§§§☼§§§o☼§.............
§§§§§§☼rX###☼# #.##.#.##
§§§§§§§♣§.§§☼# #........
§§§§☼§.§§§☼☼§###..####..
§§§§§§§§§§§§☼§§#..# #..
§☼§§§§§§§§§§☼###..# #..
#§§§#§§§§§#§§##...######
#§§§§§☼§§§§☼§##.........
§§§§§§§☼§§§☼§§§.........
§§§§§§§§§§☼§§###........
##........###.......#


You could see a nameless horror, Eustachio, Blork the orc (fast) and a rat
(summoned).

Vanquished Creatures
  A lemure (D:6)
  3 hounds
  An iguana (D:6)
  A sleepcap (D:6)
  2 orc wizards (D:3)
  A gnoll (D:3)
  A worm (D:2)
  A dart slug (D:1)
  2 orcs (D:3)
  3 ball pythons
  3 endoplasms
  5 giant cockroaches
  4 hobgoblins
  6 jackals
  2 quokkas
  4 bats
  A frilled lizard (D:2)
  4 goblins
  A kobold (D:1)
  4 rats
50 creatures vanquished.

Vanquished Creatures (collateral kills)
  Sigmund (D:2)
  Duvessa (D:6)
  A black bear (D:4)
  An orc warrior (D:6)
  An ogre (D:5)
  3 lemures (D:6)
  A phantom (D:4)
  A scorpion (D:6)
  Dowan (D:6)
  A jelly (D:6)
  2 hounds
  An iguana (D:6)
  An orc wizard (D:3)
  3 gnolls (D:3)
  5 adders
  An ufetubus (D:5)
  A worm (D:4)
  3 dart slugs (D:3)
  5 orcs (D:3)
  5 ball pythons
  2 bats (D:1)
  3 endoplasms
  A giant cockroach (D:1)
  2 hobgoblins
  4 jackals
  6 kobolds
  A frilled lizard (D:1)
  2 goblins
  A rat (D:3)
61 creatures vanquished.

Vanquished Creatures (others)
  Pikel (D:6)
  A butterfly (D:3)
2 creatures vanquished.

Grand Total: 113 creatures vanquished

Notes
Turn   | Place    | Note
-------+----------+-------------------------------------------
     0 | D:1      | JackS81 the Hill Orc Summoner began the quest for the Orb.
     0 | D:1      | Reached XP level 1. HP: 14/14 MP: 3/3
    63 | D:1      | Reached XP level 2. HP: 12/20 MP: 2/4
    66 | D:1      | Learned a level 2 spell: Call Imp
   804 | D:1      | Reached XP level 3. HP: 26/26 MP: 2/5
  1374 | D:2      | Found Nuaceawo's Book Shop.
  1406 | D:2      | Found a faded altar of an unknown god.
  1593 | D:2      | Noticed Sigmund
  1607 | D:2      | Killed Sigmund
  1608 | D:2      | Reached skill level 1 in Fighting
  1608 | D:2      | Reached skill level 1 in Short Blades
  1608 | D:2      | Reached skill level 5 in Summonings
  1608 | D:2      | Reached XP level 4. HP: 31/36 MP: 3/8
  1608 | D:2      | Reached XP level 5. HP: 36/41 MP: 3/9
  1860 | D:3      | HP: 2/41 [something (1)]
  1866 | D:3      | Reached XP level 6. HP: 12/48 MP: 6/10
  2072 | D:3      | Learned a level 3 spell: Call Canine Familiar
  2076 | D:3      | Learned a level 3 spell: Summon Guardian Golem
  2122 | D:3      | Found a white marble altar of Elyvilon.
  2197 | D:3      | Reached skill level 6 in Summonings
  2309 | D:3      | Identified the +3 ring mail of Louf {rN+++ MP-9 Dex+3
                  | Stlth-}
  2658 | D:3      | Became a worshipper of Beogh the Brigand
  2990 | D:3      | Found a glowing silver altar of Zin.
  3048 | D:3      | Found a broken altar of Ashenzari.
  3429 | D:4      | Found Tuwed's General Store.
  3436 | D:4      | Bought a scroll of poison for 40 gold pieces
  3436 | D:4      | Bought a scroll of enchant weapon for 75 gold pieces
  3436 | D:4      | Bought a potion of lignification for 30 gold pieces
  3467 | D:4      | Reached skill level 1 in Hexes
  3662 | D:4      | Reached XP level 7. HP: 51/56 MP: 11/11
  4008 | D:4      | Reached skill level 1 in Invocations
  4307 | D:5      | Entered Level 5 of the Dungeon
  4617 | D:5      | Reached skill level 7 in Summonings
  5221 | D:5      | Identified the +1 scale mail of Mohovvok {rElec MP+9 Dex+3}
  5327 | D:6      | Noticed Duvessa
  5357 | D:6      | Killed Duvessa
  5358 | D:6      | Reached XP level 8. HP: 35/63 MP: 13/13
  5361 | D:6      | Noticed Dowan
  5374 | D:6      | Killed Dowan
  5477 | D:6      | Found a bloodstained altar of Trog.
  5688 | D:6      | Reached skill level 8 in Summonings
  5808 | D:6      | Learned a level 4 spell: Summon Lightning Spire
  5858 | D:6      | Found an opulent altar of Gozag.
  5885 | D:6      | Noticed Pikel
  5897 | D:6      | Noticed Eustachio
  5899 | D:6      | Killed Pikel
  5900 | D:6      | Reached skill level 1 in Air Magic
  5908 | D:6      | Noticed Blork the orc
  5923 | D:6      | Reached * piety under Beogh
  5924 | D:6      | Reached XP level 9. HP: 23/72 MP: 15/15
  5926 | D:6      | Engulfed by their own flame

Illustrated notes

Levels and vault maps discovered:
D:1:      sevenhm_arrival_forest_fort_small_4, layout_loops_ring,
          chequers_serial_rivers_large_a
D:2:      layout_basic, hellmonk_ecumenical_altar_lost_god, serial_shops, shop,
          uniq_sigmund
D:3:      layout_loops_corners, nicolae_elyvilon_peaceful_grove,
          mainiacjoe_overflow_swirl
D:4:      layout_cave_pods, serial_shops, shop, grunt_decor_resistance
D:5:      layout_cave_pods
D:6:      layout_basic, nicolae_gozag_seed_capital, trog_butcher_becter,
          nicolae_ossuary_entry_ruins, uniq_duvessa, uniq_blork_the_orc,
          uniq_pikel, uniq_eustachio

Skill      XL: |  1  2  3  4  5  6  7  8 |
---------------+-------------------------+-----
Spellcasting   | 2 3 4 |  4.6
Fighting       | 1 2 3 4 |  4.4
Short Blades   | 1 |  1.4
Summonings     | 5 6 7 8 |  8.4
Hexes          | 1 |  1.0
Invocations    | 2 3 |  3.9
Air Magic      | 1 |  1.2
Dodging        | |  1.5
Stealth        | |  1.5

Action                     |  1- 3 |  4- 6 |  7- 9 || total
---------------------------+-------+-------+-------++-------
  Melee: Dagger            |    97 |    95 |    56 ||   248
         Unarmed           |     3 |       |       ||     3
         Punch             |       |     3 |     1 ||     4
  Throw: Dart              |       |       |     2 ||     2
   Cast: Summon Small Mamm |    12 |     8 |    24 ||    44
         Call Imp          |    15 |    17 |    19 ||    51
         Call Canine Famil |       |     9 |    22 ||    31
         Summon Guardian G |       |     1 |     8 ||     9
         Summon Lightning  |       |       |     1 ||     1
 Invoke: Convert to Beogh  |       |     1 |       ||     1
  Evoke: Wand              |       |       |     1 ||     1
    Use: Potion            |     1 |     3 |     3 ||     7
         Scroll            |       |       |     4 ||     4
   Stab: Sleeping          |     2 |     1 |       ||     3
         Distracted        |     1 |       |       ||     1
 Armour: Robe              |    35 |    63 |    35 ||   133
         Skin              |       |       |    55 ||    55
  Dodge: Dodged            |    77 |    54 |    43 ||   174

Table legend: (Time is in decaauts)
 A = Elapsed time spent in this place.
 B = Non-inter-level travel time spent in this place.
 C = Inter-level travel time spent in this place.
 D = Time resting spent in this place.
 E = Time spent auto-exploring this place.
 F = Levels seen in this place.
 G = Mean time per level.
                   A        B        C        D        E       F      G
               +--------+--------+--------+--------+--------+-----+--------+
         Total |   5933 |   5794 |    139 |    163 |   4487 |   6 |  988.8 |
       Dungeon |   5933 |   5794 |    139 |    163 |   4487 |   6 |  988.8 |
               +--------+--------+--------+--------+--------+-----+--------+

Top non-repeatable levels by time:
     D:3: 1467 daAuts
     D:4: 1047 daAuts
     D:5: 985 daAuts
     D:1: 960 daAuts
     D:2: 842 daAuts
     D:6: 628 daAuts
